 Dungeon Crawl Stone Soup version 0.27.1-3-gb3d3a73c9e (webtiles) character file.

Game seed: 6805370094400663529

451 Descartes the Firebug (level 6, -1/32 HPs)
             Began as a Deep Elf Fire Elementalist on Oct 8, 2021.
             Slain by Linguinho's ghost (3 damage)
             ... on level 4 of the Dungeon.
             The game lasted 00:08:20 (5400 turns).

Descartes the Firebug (Deep Elf Fire Elementalist)  Turns: 5400, Time: 00:08:21

Health: -1/32      AC:  3    Str:  5 (6)  XL:     6   Next: 75%
Magic:  10/14      EV: 13    Int: 19 (21) God:
Gold:   151        SH:  0    Dex: 12 (15) Spells: 12/13 levels left

rFire    . . .     SeeInvis .   p - +0 lajatang
rCold    . . .     Faith    .   (shield currently unavailable)
rNeg     . . .     Spirit   .   t - +0 robe {Will+}
rPois    +         Reflect  .   (no helmet)
rElec    .         Harm     .   (no cloak)
rCorr    .         Rampage  .   (no gloves)
Will     +....                  j - +0 pair of boots
Stlth    ++........             (no amulet)
HPRegen  0.10/turn              i - ring of poison resistance
MPRegen  0.14/turn              (no ring)

@: no status effects
A: no striking features
a: no special abilities


You were on level 4 of the Dungeon.
You visited 1 branch of the dungeon, and saw 4 of its levels.

You collected 151 gold pieces.

Inventory:

Hand Weapons
 e - a +0 short sword
 p - a +0 lajatang (weapon)
 y - a +1 dagger of venom
Missiles
 f - 144 stones
 n - 7 curare-tipped darts
Armour
 a - a +0 robe
 j - a +0 pair of boots (worn)
 s - a +2 tower shield
 t - a +0 robe of willpower (worn)
Jewellery
 i - a ring of poison resistance (left hand)
 x - a ring of resist corrosion
Scrolls
 b - a scroll of fog
 c - 2 scrolls of teleportation
 g - a scroll of summoning {unknown}
 h - a scroll of magic mapping {unknown}
 k - a scroll of vulnerability {unknown}
 l - 2 scrolls of identify {unknown}
 m - a scroll of holy word {unknown}
 u - a scroll of blinking {unknown}
 w - a scroll of enchant armour {unknown}
Potions
 o - a potion of curing {unknown}
 q - a potion of mutation {unknown}
 r - a potion of cancellation
 v - a potion of might {unknown}


   Skills:
 + Level 1.7 Staves
 + Level 4.0 Dodging
 + Level 4.1 Stealth
 + Level 1.2 Shields
 + Level 4.4 Spellcasting
 + Level 2.9 Conjurations
 * Level 5.2 Fire Magic


You had 12 spell levels left.
You knew the following spells:

 Your Spells              Type           Power      Damage    Failure   Level
a - Foxfire               Conj/Fire      76%        2x1d7     2%          1

Your spell library contained the following spells:

 Spells                   Type           Power      Damage    Failure   Level
 Conjure Flame            Conj/Fire      19%        6-21      8%          3
 Animate Skeleton         Necr           8%         N/A       13%         1
 Apportation              Tloc           8%         N/A       13%         1
 Corona                   Hex            4%         N/A       13%         1
 Summon Small Mammal      Summ           16%        N/A       13%         1
 Inner Flame              Hex/Fire       14%        N/A       14%         3
 Sticky Flame             Conj/Fire      19%        2d4       24%         4
 Fireball                 Conj/Fire      9%         3d6       56%         5


Dungeon Overview and Level Annotations

Branches:
Dungeon (4/15)
 Temple: D:4-7

Altars:
Nemelex Xobeh
Uskayaw

Annotations:
D:4 Duvessa; Linguinho's ghost, amateur GrFi


Message History

You conjure some foxfire!
Linguinho's ghost misses you.
Unknown command.
The foxfire hits Linguinho's ghost.
Linguinho's ghost is heavily damaged.
The foxfire hits Linguinho's ghost but does no damage.
Linguinho's ghost is heavily damaged.
Linguinho's ghost misses you.
Linguinho's ghost hits you but does no damage.
There is an open door here.
Linguinho's ghost says, "You can hit me, but you can't hurt me."
Linguinho's ghost shrieks, "They lied to you.
The Dungeon just goes down and down forever."
Linguinho's ghost hits you.
* * * LOW HITPOINT WARNING * * *
Linguinho's ghost completely misses you.
Casting: Foxfire (safe; 2% risk of failure)
Confirm with . or Enter, or press ? or * to list all spells.
You conjure some foxfire!
Linguinho's ghost closely misses you.
Casting: Foxfire (safe; 2% risk of failure)
Confirm with . or Enter, or press ? or * to list all spells.
You conjure some foxfire!
Linguinho's ghost hits you but does no damage.
Casting: Foxfire (safe; 2% risk of failure)
Confirm with . or Enter, or press ? or * to list all spells.
You conjure some foxfire!
The foxfire hits Linguinho's ghost.
Linguinho's ghost is moderately damaged.
The foxfire hits Linguinho's ghost but does no damage.
Linguinho's ghost is moderately damaged.
The foxfire hits Linguinho's ghost but does no damage.
Linguinho's ghost is moderately damaged.
The foxfire hits Linguinho's ghost but does no damage.
Linguinho's ghost is moderately damaged.
Linguinho's ghost misses you.
The foxfire hits Linguinho's ghost but does no damage.
Linguinho's ghost is moderately damaged.
Linguinho's ghost hits you!
* * * LOW HITPOINT WARNING * * *
Casting: Foxfire (safe; 2% risk of failure)
Confirm with . or Enter, or press ? or * to list all spells.
You conjure some foxfire!
Linguinho's ghost hits you.
You die...

..##.##..####..........'.........
................########.........
.#######)####.#.# #......... .#
#..# #.#.##### #......... ##
##.###.#.....# #.........
#########...........# ####.#####
#.......#..##.####### #.#
#.......#.......vv..# #.#
#.......#...#.#.@##.# #.#
#.....).#.#.#.#.W##.# #.#
'.......#...........# #.#
#.......###...#.#.### #.#
........+.....#.#.# #.#####
#.......###...#.#.# ##'#....
#............>#.#.########.......
#.......###.#.#.#................
######### #.#.#.##########.......


You could see Linguinho's ghost (ally target).

Vanquished Creatures
  A phantom (D:4)
  2 scorpions (D:4)
  Dowan (D:4)
  2 orc priests (D:4)
  An orc wizard (D:4)
  A hound skeleton (D:4)
  2 adders (D:4)
  3 worms
  2 dart slugs (D:1)
  8 orcs
  6 ball pythons
  8 endoplasms
  4 giant cockroaches
  6 goblins
  8 hobgoblins
  A jackal (D:4)
  4 kobolds
  5 quokkas
  6 bats
  5 frilled lizards
  A quokka skeleton (D:4)
  2 rats
79 creatures vanquished.

Vanquished Creatures (others)
  388 foxfires
388 creatures vanquished.

Grand Total: 467 creatures vanquished

Notes
Turn   | Place    | Note
-------+----------+-------------------------------------------
     0 | D:1      | Descartes the Deep Elf Fire Elementalist began the quest
                  | for the Orb.
     0 | D:1      | Reached XP level 1. HP: 10/10 MP: 6/6
   253 | D:1      | Reached XP level 2. HP: 15/15 MP: 1/8
   488 | D:1      | Found a faded altar of an unknown god.
   905 | D:2      | Reached XP level 3. HP: 19/19 MP: 2/9
  1827 | D:2      | Reached skill level 4 in Fire Magic
  2230 | D:3      | Found a hide-covered altar of Uskayaw.
  3172 | D:4      | Reached XP level 4. HP: 20/24 MP: 6/11
  3421 | D:4      | Noticed Dowan
  3467 | D:4      | Killed Dowan
  3644 | D:4      | Noticed Duvessa
  3914 | D:4      | Noticed a phantom
  3932 | D:4      | Killed a phantom
  3933 | D:4      | Reached skill level 1 in Staves
  3933 | D:4      | Reached XP level 5. HP: 9/28 MP: 3/13
  4251 | D:4      | Found a sparkling altar of Nemelex Xobeh.
  4338 | D:4      | Reached XP level 6. HP: 6/32 MP: 8/14
  4413 | D:4      | Reached skill level 1 in Shields
  4422 | D:4      | Reached skill level 5 in Fire Magic
  4510 | D:4      | Found a large runed translucent door.
  4510 | D:4      | Found a large runed translucent door.
  4512 | D:4      | Noticed Linguinho's ghost (amateur GrFi)
  5399 | D:4      | HP: 1/32 [Linguinho's ghost (7)]
  5400 | D:4      | Slain by Linguinho's ghost

Illustrated notes

Levels and vault maps discovered:
D:1:      amcnicky_arrival_wind_blow, layout_rooms,
          ebering_ecumenical_altar_rust, minivault_27
D:2:      layout_basic, serial_corexii_hall, chequers_hall_statues_y,
          corexii_hall_statues_s
D:3:      layout_basic, mainiacjoe_overflow_paths, minivault_27,
          kennysheep_generic_room_9
D:4:      layout_basic, ebering_ghost_disaster_area, minmay_ruined_shrine,
          uniq_duvessa

Skill      XL: |  1  2  3  4  5  6 |
---------------+-------------------+-----
Stealth        | 3 4 |  4.1
Fire Magic     | 4 5 |  5.2
Dodging        | 3 4 |  4.0
Conjurations   | 2 |  2.9
Staves         | 1 |  1.7
Spellcasting   | 4 |  4.4
Shields        | 1 |  1.2

Action                   |  1- 3 |  4- 6 || total
-------------------------+-------+-------++-------
Melee: Short sword       |     1 |       ||     1
       Lajatang          |       |     7 ||     7
 Cast: Foxfire           |   127 |   115 ||   242
  Use: Scroll            |       |     2 ||     2
       Potion            |       |     3 ||     3
Armor: Robe              |     1 |     7 ||     8
Dodge: Dodged            |    16 |    34 ||    50
